 Dungeon Crawl Stone Soup version 0.23.2-1-ga50397a (webtiles) character file.

Game seed: 5672836763919115551

67 myga the Skirmisher (level 4, 0/37 HPs)
             Began as a Formicid Abyssal Knight on May 2, 2019.
             Was a Believer of Lugonu.
             Slain by a gnoll (2 damage)
             ... on level 2 of the Dungeon.
             The game lasted 00:05:00 (1196 turns).

myga the Skirmisher (Formicid Abyssal Knight)       Turns: 1196, Time: 00:05:01

Health: 0/37       AC: 11    Str: 16    XL:     4   Next: 40%
Magic:  5/5        EV:  5    Int: 12    God:    Lugonu [**....]
Gold:   64         SH:  0    Dex: 11    Spells: 3/3 levels left

rFire    . . .     SeeInvis +   a - +1 mace
rCold    . . .     Gourm    .   (no shield)
rNeg     . . .     Faith    .   g - +0 plate armour
rPois    .         Spirit   .   (helmet unavailable)
rElec    .         Reflect  .   (no cloak)
rCorr    .         Harm     .   (no gloves)
MR       .....                  (no boots)
Stlth    ..........             (no amulet)
HPRegen  0.12/turn              (no ring)
MPRegen  0.09/turn              (no ring)

@: flying
A: permanent stasis, dig shafts and tunnels, four strong arms, antennae 3
a: Dig, Shaft Self, Depart the Abyss, Bend Space, Renounce Religion


You were on level 2 of the Dungeon.
You worshipped Lugonu.
Lugonu was pleased with you.
You were not hungry.

You visited 1 branch of the dungeon, and saw 2 of its levels.
You visited the Abyss 1 time.

You collected 64 gold pieces.

Inventory:

Hand Weapons
 a - a +1 mace (weapon)
Missiles
 b - 57 stones (quivered)
Armour
 g - a +0 plate armour (worn)
Scrolls
 d - a scroll of amnesia {unknown}
 e - a scroll of magic mapping
 l - a scroll of enchant weapon {unknown}
 m - a scroll of identify {unknown}
Potions
 f - a potion of resistance
 k - a potion of berserk rage {unknown}
 n - a potion of heal wounds {unknown}
Comestibles
 c - a ration
 j - 2 chunks of flesh


   Skills:
 + Level 4.2 Fighting
 + Level 2.8 Maces & Flails
 + Level 0.5 Throwing
 + Level 2.8 Armour
 + Level 0.9 Dodging
 + Level 2.4 Invocations


You had 3 spell levels left.
You didn't know any spells.
Your spell library was empty.

Dungeon Overview and Level Annotations

Branches:
Dungeon (2/15)

Altars:
Makhleb


Innate Abilities, Weirdness & Mutations

You cannot be hasted, slowed, berserked, paralysed or teleported.
You can dig through walls and to a lower floor.
Your four strong arms can wield two-handed weapons with a shield.
You have a pair of large antennae on your head. (SInv)


Message History

It was a potion of flight.
You feel very buoyant.
You fly up into the air.
The gnoll hits you but does no damage.
It was a potion of curing.
You feel better. The gnoll barely misses you.
You hit the gnoll but do no damage.
The gnoll is severely wounded.
The gnoll hits you but does no damage.
You closely miss the gnoll.
The gnoll is severely wounded.
The gnoll hits you but does no damage. The gnoll hits you.
* * * LOW HITPOINT WARNING * * *
You barely miss the gnoll.
The gnoll is severely wounded.
The gnoll hits you.
* * * LOW HITPOINT WARNING * * *
You hit the gnoll but do no damage.
The gnoll is severely wounded.
The leopard gecko hisses menacingly.
The gnoll hits you.
You die...

#.# #.# #.### #.# #...#
#.# # #.#.# #.# g#
###.#.#### #.# ...
....#....# #.### ....
÷#######.# #.#.## .....
....#....###....####g.....
....#.....>.....@gggl.?...
..#.#.######....####......
.##...# #.#.## .....
####÷## #.### _... ##.#
.#. ... #..# ## # K# #.##
# #.# #.#


You could see 2 gnolls, a leopard gecko, a hobgoblin and a goblin.

Vanquished Creatures
  Natasha (D:2)
  2 gnolls (D:2)
  A leopard gecko (D:1)
  3 bats (D:1)
  4 goblins (D:1)
  3 hobgoblins (D:1)
  4 kobolds
  A frilled lizard (D:1)
  3 rats
22 creatures vanquished.

Notes
Turn   | Place    | Note
-------+----------+-------------------------------------------
     0 | Abyss:1  | myga the Formicid Abyssal Knight began the quest for the
                  | Orb.
     0 | Abyss:1  | Reached XP level 1. HP: 18/18 MP: 2/2
    37 | Abyss:1  | Noticed a ynoxinul
    49 | Abyss:1  | Found a corrupted altar of Lugonu.
    58 | Abyss:1  | Found a corrupted altar of Lugonu.
    69 | D:1      | Escaped the Abyss
    81 | D:1      | Reached XP level 2. HP: 22/24 MP: 3/3
   964 | D:2      | Noticed Natasha
   976 | D:2      | Killed Natasha
   976 | D:2      | Reached skill level 4 in Fighting
   976 | D:2      | Reached XP level 3. HP: 15/30 MP: 4/4
  1143 | D:2      | Found a burning altar of Makhleb.
  1165 | D:2      | Reached XP level 4. HP: 23/37 MP: 5/5
  1183 | D:2      | Reached ** piety under Lugonu
  1190 | D:2      | HP: 1/37 [gnoll (4)]
  1196 | D:2      | Slain by a gnoll

Skill      XL: |  1  2 |
---------------+-------+-----
Fighting       | 4 |  4.2
Maces & Flails | |  2.8
Throwing       | |  0.5
Armour         | |  2.8
Dodging        | |  0.9
Invocations    | |  2.4

Action                   |  1- 3 |  4- 6 || total
-------------------------+-------+-------++-------
Melee: Mace              |    59 |    28 ||    87
Throw: Stone             |    11 |       ||    11
  Use: Potion            |     1 |     2 ||     3
       Scroll            |     1 |       ||     1
  Eat: Chunk             |     1 |       ||     1
Armor: Leather armour    |     5 |       ||     5
       Plate armour      |    33 |    18 ||    51
Dodge: Dodged            |    18 |     7 ||    25
